 Dungeon Crawl Stone Soup version 0.29-a0-330-g52719c12eb (webtiles) character file.

Game seed: 13752390940893059273

5413 Ajdolov the Spear-Bearer (level 10, -13/83 HPs)
             Began as a Barachi Ice Elementalist on Apr 23, 2022.
             Was a Believer of Cheibriados.
             Shot with an arrow by a centaur warrior (16 damage)
             ... on level 8 of the Dungeon.
             The game lasted 00:15:45 (8144 turns).

Ajdolov the Spear-Bearer (Barachi Ice Elementalist) Turns: 8144, Time: 00:15:46

Health: -13/83     AC: 10    Str: 15    XL:     10   Next: 67%
Magic:  13/13      EV: 12    Int: 24    God:    Cheibriados [**....]
Gold:   419        SH:  0    Dex: 18    Spells: 6/13 levels left

rFire   x . .      SeeInvis .   m - +0 trident
rCold   + . .      Faith    .   (no shield)
rNeg    . . .      Spirit   .   J - +0 steam dragon scales
rPois   .          Reflect  .   t - +0 helmet
rElec   .          Harm     .   (no cloak)
rCorr   .          Rampage  .   u - +0 pair of gloves
Will    +....                   A - +2 pair of boots
Stlth   ++........              a - amulet of magic regeneration
HPRegen 0.23/turn               h - ring of willpower
MPRegen 0.53/turn               r - ring of ice

@: unable to hop, on berserk cooldown, flying, slowed, invisible, very slow
A: amphibious, slowness 1, strong legs 1, +LOS
a: Hop, Renounce Religion, Bend Time


You were on level 8 of the Dungeon.
You worshipped Cheibriados.
Cheibriados was pleased with you.
You visited 2 branches of the dungeon, and saw 9 of its levels.

You collected 549 gold pieces.
You spent 130 gold pieces at shops.

Inventory:

Hand Weapons
 m - a +0 trident (weapon)
Missiles
 s - 3 throwing nets
Armour
 t - a +0 helmet (worn)
 u - a +0 pair of gloves (worn)
 A - a +2 pair of boots (worn)
 J - +0 steam dragon scales (worn)
Jewellery
 a - an amulet of magic regeneration (around neck)
 h - a ring of willpower (left hand)
 n - a ring of poison resistance
 r - a ring of ice (right hand)
 w - a ring of positive energy
 G - a ring of fire
Wands
 E - a wand of flame (36)
Scrolls
 c - 17 scrolls of identify {unknown}
 e - 2 scrolls of blinking {unknown}
 i - a scroll of noise {unknown}
 k - 3 scrolls of immolation {unknown}
 p - 7 scrolls of teleportation {unknown}
 q - a scroll of magic mapping {unknown}
 y - 2 scrolls of vulnerability {unknown}
 B - 3 scrolls of silence {unknown}
 C - a scroll of enchant weapon {unknown}
 H - a scroll of fear {unknown}
 K - a scroll of enchant armour {unknown}
Potions
 b - 3 potions of magic
 d - 2 potions of invisibility
 f - 2 potions of attraction {unknown}
 g - 4 potions of berserk rage
 j - 2 potions of haste {unknown}
 l - 2 potions of brilliance {unknown}
 o - a potion of ambrosia {unknown}
 v - 2 potions of heal wounds {unknown}
 x - a potion of degeneration {unknown}
 z - 2 potions of lignification {unknown}
 D - a potion of cancellation {unknown}
 F - 2 potions of flight
 I - a potion of curing {unknown}


   Skills:
 + Level 9.6 Fighting
 * Level 11.4 Polearms
 - Level 2.1 Dodging
 - Level 1.7 Stealth
 - Level 2.1 Spellcasting
 + Level 1.7 Conjurations
 - Level 9.0 Ice Magic
 + Level 1.4 Invocations


You had 6 spell levels left.
You knew the following spells:

 Your Spells              Type           Power      Damage    Failure   Level
a - Freeze                Ice            100%       1d11      1%          1
b - Frozen Ramparts       Ice            100%       1d12      1%          3
c - Ozocubu's Armour      Ice            62%        N/A       1%          3

Your spell library contained the following spells:

 Spells                   Type           Power      Damage    Failure   Level
 Summon Small Mammal      Summ           8%         N/A       12%         1
 Static Discharge         Conj/Air       6%         N/A       12%         2
 Hailstorm                Conj/Ice       42%        3d10      13%         4
 Call Canine Familiar     Summ           2%         N/A       34%         3
 Confusing Touch          Hex            2%         N/A       34%         3
 Summon Guardian Golem    Hex/Summ       2%         N/A       34%         3
 Sticky Flame             Conj/Fire      6%         2d3       63%         4
 Airstrike                Air            1%         N/A       75%         4
 Dispel Undead            Necr           2%         3d7       75%         4
 Summon Lightning Spire   Summ/Air       2%         N/A       75%         4
 Lightning Bolt           Conj/Air       3%         1d14      92%         5
 Yara's Violent Unravell  Hex/Tmut       1%         3d3       97%         5
 Enfeeble                 Hex            1%         N/A       100%        7
 Chain Lightning          Conj/Air       3%         3d4       100%        9
 Fire Storm               Conj/Fire      3%         8d1       100%        9
 Shatter                  Erth           1%         3d5*      100%        9


Dungeon Overview and Level Annotations

Branches:
Dungeon (8/15)             Temple (1/1) D:6            Lair (0/6) D:8

Altars:
Cheibriados
Dithmenos
Elyvilon
Fedhas
Hepliaklqana
Kikubaaqudgha
Makhleb
Okawaru
Qazlal
Ru
Sif Muna
Trog
Yredelemnul
Zin
The Shining One

Shops:
D:2 *

Annotations:
D:6 exclusion: boulder beetle
D:7 2 transporters, kae's ghost, novice DgFE


Innate Abilities, Weirdness & Mutations

You are amphibious.
You cover ground slowly.
You can hop short distances.
You have an extended range of vision and can be seen from far away.


Message History

You are ready to hop once more.
The vampire mosquito bites you but does no damage.
The vampire mosquito closely misses you.
The vampire mosquito bites you.
* * * LOW HITPOINT WARNING * * *
The vampire mosquito draws strength from your injuries!
The vampire mosquito barely misses you.
You feel a strong urge to attack something.
You are no longer berserk.
You are exhausted.
You feel yourself slow down.
The vampire mosquito bites you but does no damage. x2
The vampire mosquito bites you.
* * * LOW HITPOINT WARNING * * *
The vampire mosquito draws strength from your injuries!
Unknown command.
Okay, then.
Okay, then.
Okay, then.
Hop to where?
Press: ? - help, Dir - move target, p - two-headed ogre Boing!
It was a potion of invisibility.
You fade into invisibility!
The centaur warrior shoots an arrow.
The arrow hits the vampire mosquito!!
The vampire mosquito is destroyed!
The centaur warrior shoots an arrow.
The arrow misses you.
Okay, then.
Casting: Frozen Ramparts (safe; 1% risk of failure)
Confirm with . or Enter, or press ? or * to list all spells.
Okay, then.
It was a potion of flight.
You feel very buoyant.
You fly up into the air.
The centaur warrior shoots an arrow.
The arrow closely misses you.
The centaur warrior shoots an arrow.
The arrow barely misses you.
The centaur warrior shoots an arrow.
The arrow completely misses you.
The centaur warrior shoots an arrow.
The arrow barely misses you.
The centaur warrior shoots an arrow.
The arrow hits you!
You die...

#<# #.# #.# #.###################
## ###...................# .#
#..)....#############.#
.######.......# #.#
.....##.......#############.#####
................@...cTO5y........
.....##.......##########....#####
.>....................##.........
.......####........##.##.....).#.
.....#.# #........# #....##.#
###.##.# #........# ##+#.##.#
.....#.# #...††...# ..##.#
#....#.# ##.##....# .####.#
#....#.#####.###.### #. #.#


You could see a centaur warrior (can't see you), a two-headed ogre (can't see
you), a troll (can't see you), a vampire mosquito (can't see you) and a shadow
imp (can't see you).

Vanquished Creatures
  A two-headed ogre (D:8)
  Maggie (D:7)
  An unseen horror (D:8)
  3 yaks (D:8)
  Eustachio (D:6)
  2 steam dragons (D:7)
  A vampire mosquito (D:8)
  3 water moccasins
  4 ice beasts
  3 black bears
  An orc warrior (D:7)
  3 phantoms
  2 kobold brigands (D:7)
  6 bullfrogs
  3 necrophages
  3 scorpions
  3 howler monkeys
  4 hounds
  2 jellies
  2 gnoll shamans
  4 orc priests
  4 iguanas
  Jessica (D:2)
  7 orc wizards
  Terence (D:3)
  8 adders
  8 gnolls
  2 shadow imps
  2 white imps (D:7)
  3 ufetubi
  2 worms (D:3)
  3 dart slugs
  21 orcs
  4 bats
  6 endoplasms
  A giant cockroach (D:2)
  7 goblins
  11 hobgoblins
  6 ball pythons
  5 frilled lizards
  13 kobolds
  6 rats
174 creatures vanquished.

Vanquished Creatures (others)
  A vampire mosquito (D:8)
  6 plants (D:7)
7 creatures vanquished.

Grand Total: 181 creatures vanquished

Notes
Turn   | Place    | Note
-------+----------+-------------------------------------------
     0 | D:1      | Ajdolov the Barachi Ice Elementalist began the quest for
                  | the Orb.
     0 | D:1      | Reached XP level 1. HP: 13/13 MP: 3/3
    36 | D:1      | Reached skill level 5 in Ice Magic
   193 | D:1      | Reached XP level 2. HP: 19/19 MP: 1/5
   603 | D:1      | You fall into a shaft and drop 1 floor!
   611 | D:2      | Found a faded altar of an unknown god.
   629 | D:2      | Found Kakhlig's Assorted Antiques.
  1227 | D:2      | Noticed Jessica
  1272 | D:2      | Killed Jessica
  1273 | D:2      | Reached skill level 1 in Fighting
  1273 | D:2      | Reached skill level 1 in Polearms
  1273 | D:2      | Reached XP level 3. HP: 21/26 MP: 4/6
  1279 | D:2      | Learned a level 3 spell: Frozen Ramparts
  1649 | D:3      | Reached XP level 4. HP: 32/32 MP: 2/7
  1734 | D:3      | Reached skill level 2 in Polearms
  1737 | D:3      | Reached XP level 5. HP: 14/38 MP: 4/8
  2117 | D:2      | Bought a pair of gloves for 130 gold pieces
  2316 | D:3      | Noticed Terence
  2325 | D:3      | Killed Terence
  2326 | D:3      | Reached skill level 3 in Polearms
  2368 | D:3      | Learned a level 3 spell: Ozocubu's Armour
  2535 | D:3      | Reached XP level 6. HP: 44/46 MP: 5/9
  2643 | D:3      | Found a shadowy altar of Dithmenos.
  2745 | D:3      | Found a bloodstained altar of Trog.
  2862 | D:3      | Noticed a black bear
  2871 | D:3      | Killed a black bear
  2872 | D:3      | Reached skill level 4 in Polearms
  3429 | D:4      | Reached XP level 7. HP: 22/52 MP: 6/10
  3799 | D:4      | Found a shimmering blue altar of Sif Muna.
  3945 | D:4      | Reached skill level 5 in Polearms
  4584 | D:5      | Entered Level 5 of the Dungeon
  4730 | D:4      | Reached XP level 8. HP: 41/61 MP: 5/11
  4924 | D:5      | Reached skill level 5 in Fighting
  4924 | D:5      | Reached skill level 6 in Polearms
  5046 | D:5      | Identified the +2 leather armour of Itwod {Str+6}
  5396 | D:6      | Reached skill level 7 in Polearms
  5473 | D:6      | Noticed Eustachio
  5494 | D:6      | Killed Eustachio
  5495 | D:6      | Reached XP level 9. HP: 64/70 MP: 7/12
  5549 | D:6      | Noticed a boulder beetle
  5631 | D:6      | Found a hazy altar of Hepliaklqana.
  5742 | D:6      | Found a staircase to the Ecumenical Temple.
  5752 | Temple   | Entered the Ecumenical Temple
  5761 | Temple   | Became a worshipper of Cheibriados the Contemplative
  5936 | D:6      | Reached skill level 8 in Polearms
  6383 | D:7      | Reached skill level 9 in Polearms
  6385 | D:7      | Reached * piety under Cheibriados
  6601 | D:7      | Noticed Maggie
  6612 | D:7      | Killed Maggie
  6936 | D:7      | Found a stormy altar of Qazlal.
  7037 | D:7      | Found a glowing golden altar of the Shining One.
  7088 | D:7      | Reached XP level 10. HP: 59/81 MP: 11/13
  7283 | D:7      | Reached skill level 10 in Polearms
  7363 | D:7      | Found a transporter.
  7384 | D:7      | Noticed kae's ghost (novice DgFE)
  7407 | D:7      | Found a transporter.
  7560 | D:8      | Found a staircase to the Lair.
  7560 | D:8      | Noticed a two-headed ogre
  7574 | D:8      | Reached ** piety under Cheibriados
  7632 | D:8      | Killed a two-headed ogre
  7633 | D:8      | Reached skill level 11 in Polearms
  7940 | D:8      | Reached skill level 1 in Conjurations
  8110 | D:8      | Noticed a two-headed ogre
  8111 | D:8      | Killed an unseen horror
  8111 | D:8      | Noticed a centaur warrior
  8112 | D:8      | Reached skill level 1 in Invocations
  8132 | D:8      | HP: 3/124 [vampire mosquito (10)]
  8139 | D:8      | HP: 3/124 [vampire mosquito (1)]
  8140 | D:8      | HP: 1/83 [vampire mosquito (1)]
  8144 | D:8      | Shot with an arrow by a centaur warrior

Illustrated notes

Levels and vault maps discovered:
D:1:      scummos_arrival_checkerplants, layout_basic
D:2:      layout_rooms, dreamdust_ecumenical_altar_grove, serial_shops,
          nicolae_square_shop, uniq_jessica
D:3:      layout_loops_cross, trog_hazing_becter,
          grunt_dithmenos_smoke_and_mirrors, minivault_11, uniq_terence
D:4:      layout_gridville, mainiacjoe_overflow_surrounded_room
D:5:      layout_cave_pools
D:6:      nicolae_cairo_tiling, layout_rooms, mainiacjoe_overflow_catwalk,
          serial_corexii_hall, corexii_hall_statues_t, chequers_hall_statues_y,
          chequers_hall_statues_y, uniq_eustachio
D:7:      layout_basic, grunt_qazlal_clouds, nicolae_tso_swordbearing_angel,
          gammafunk_ghost_gnarly_gnolls, minmay_increasing_density, uniq_maggie
D:8:      layout_basic, lair_entry_dummy, kb_rosetta
Temple:   lightli_temple_of_artemis

Skill      XL: |  1  2  3  4  5  6  7  8  9 10 |
---------------+-------------------------------+-----
Ice Magic      | 5 6 7 8 9 |  9.0
Fighting       | 1 2 3 4 6 8 9 |  9.6
Polearms       | 1 2 3 4 5 7 9 11 | 11.4
Conjurations   | 1 |  1.7
Invocations    | 1 |  1.4
Dodging        | |  2.1
Stealth        | |  1.7
Spellcasting   | |  2.1

Action                   |  1- 3 |  4- 6 |  7- 9 | 10-12 || total
-------------------------+-------+-------+-------+-------++-------
Melee: Unarmed           |     9 |       |       |       ||     9
       Trident           |    17 |    69 |   272 |    98 ||   456
       Punch             |       |     1 |     2 |     1 ||     4
Throw: Throwing net      |       |       |       |     1 ||     1
 Cast: Freeze            |    34 |       |       |       ||    34
       Frozen Ramparts   |       |    20 |    37 |    10 ||    67
       Ozocubu's Armour  |       |     3 |    14 |     5 ||    22
 Abil: Hop               |       |       |       |     3 ||     3
Evoke: Wand              |       |       |     2 |       ||     2
  Use: Potion            |       |       |       |     3 ||     3
 Stab: Sleeping          |     1 |     2 |     2 |       ||     5
       Distracted        |       |       |     1 |     1 ||     2
Armor: Robe              |    12 |    12 |    38 |       ||    62
       Leather armour    |       |       |    33 |       ||    33
       Steam dragon scal |       |       |     5 |    43 ||    48
Dodge: Dodged            |    29 |    37 |   136 |    49 ||   251

Table legend: (Time is in decaauts)
 A = Elapsed time spent in this place.
 B = Non-inter-level travel time spent in this place.
 C = Inter-level travel time spent in this place.
 D = Time resting spent in this place.
 E = Time spent auto-exploring this place.
 F = Levels seen in this place.
 G = Mean time per level.
                   A        B        C        D        E       F      G
               +--------+--------+--------+--------+--------+-----+--------+
         Total |   9274 |   9033 |    241 |   1409 |   5914 |   9 | 1030.4 |
       Dungeon |   9252 |   9011 |    241 |   1409 |   5911 |   8 | 1156.5 |
        Temple |     22 |     22 |      0 |      0 |      2 |   1 |   22.0 |
               +--------+--------+--------+--------+--------+-----+--------+

Top non-repeatable levels by time:
     D:3: 2011 daAuts
     D:7: 1770 daAuts
     D:1: 1115 daAuts
     D:2: 1040 daAuts
     D:6: 949 daAuts
     D:4: 948 daAuts
     D:5: 726 daAuts
     D:8: 690 daAuts
  Temple: 22 daAuts
